[Event "19th IPCA WCC 2019"]
[Site "Ruzomberok"]
[Date "2019.07.05"]
[Round "8.5"]
[White "Obodchuk, Andrei"]
[Black "Lipilin, Ilia"]
[Result "1/2-1/2"]
[ECO "A09"]
[WhiteElo "2316"]
[BlackElo "2084"]
[Annotator "NA"]
[PlyCount "172"]
[EventDate "2019.06.28"]
[EventType "swiss"]
[EventCountry "SVK"]
[SourceTitle "playchess.com"]
[Source "ChessBase"]
[SourceQuality "1"]
[TimeControl "5400+30"]

1. Nf3 d5 2. c4 dxc4 3. e3 Nf6 4. Bxc4 e6 5. O-O c5 6. b3 Be7 7. Bb2 O-O 8. d4 Nc6 9. Qe2 cxd4 10. Nxd4 Bd7 11. Nf3 a6 12. Nbd2 b5 13. Bd3 Nb4 14. Bb1 Rc8 15. a3 Nbd5 16. Qd3 Bc6 17. Ne5 Nb6 18. Nxc6 Rxc6 19. Qe2 Nfd5 20. Nf3 Bf6 21. Nd4 Rc8 22. Qd2 g6 23. Be4 Bg7 24. Rac1 Qd7 25. Qa5 Qb7 26. g3 Nd7 27. Qd2 Rxc1 28. Rxc1 Rc8 29. Rd1 Qb6 30. Bg2 Ne5 31. Ne2 Ne7 32. Bd4 Qc7 33. Qb2 Qc2 34. Rd2 Qxb2 35. Bxb2 N5c6 36. Bxg7 Kxg7 37. f4 Na5 38. Rb2 Rd8 39. Nd4 Nf5 40. Nxf5+ gxf5 41. Bf1 Rd1 42. Kf2 Ra1 43. a4 bxa4 44. bxa4 Rxa4 45. Bxa6 Ra3 46. h3 Nb3 47. Be2 Nc1 48. g4 fxg4 49. hxg4 Kg6 50. Kf3 Nxe2 51. Rxe2 Ra5 52. Rb2 h5 53. g5 Ra1 54. Rb8 Kg7 55. Rb3 Kg6 56. e4 Rf1+ 57. Kg3 e5 58. Rb6+ Kg7 59. fxe5 Rg1+ 60. Kf4 Rf1+ 61. Ke3 Rg1 62. e6 fxe6 63. Rxe6 Rxg5 64. Kf4 Ra5 65. e5 Ra4+ 66. Kf5 h4 67. Rg6+ Kf7 68. Rb6 Ra1 69. Rb7+ Kf8 70. Rh7 Rh1 71. Kf6 Rf1+ 72. Ke6 Rh1 73. Rf7+ Kg8 74. Rf2 h3 75. Ke7 h2 76. e6 Kg7 77. Rg2+ Kh7 78. Ke8 Kh6 79. e7 Kh7 80. Rd2 Kg7 81. Kd8 Ra1 82. Rg2+ Kf6 83. Rg6+ Kf5 84. Rh6 Rd1+ 85. Kc7 Rc1+ 86. Kd7 Rd1+ 1/2-1/2

[Event "19th IPCA WCC 2019"]
[Site "Ruzomberok"]
[Date "2019.07.05"]
[Round "8.6"]
[White "Shashikant, Kutwal"]
[Black "Alekseev, Mikhail"]
[Result "1-0"]
[ECO "B12"]
[WhiteElo "2176"]
[BlackElo "1869"]
[Annotator "NA"]
[PlyCount "59"]
[EventDate "2019.06.28"]
[EventType "swiss"]
[EventCountry "SVK"]
[SourceTitle "playchess.com"]
[Source "ChessBase"]
[SourceQuality "1"]
[TimeControl "5400+30"]

1. e4 c6 2. d4 d5 3. e5 a6 4. Bd3 c5 5. dxc5 Nc6 6. f4 Nb4 7. Nf3 Bg4 8. c3 Nxd3+ 9. Qxd3 e6 10. b4 Bf5 11. Qe2 b6 12. cxb6 Qxb6 13. Be3 Qc7 14. O-O Nh6 15. Bd4 Bxb1 16. Rfxb1 Be7 17. b5 O-O 18. a4 Nf5 19. b6 Qc6 20. a5 Bc5 21. Qf2 Bxd4 22. cxd4 Rac8 23. Qd2 Rfd8 24. Rc1 Qb7 25. Rxc8 Rxc8 26. Rc1 Ne7 27. Rxc8+ Qxc8 28. Qb2 Nc6 29. Qc3 h6 30. Ne1 1-0

[Event "19th IPCA WCC 2019"]
[Site "Ruzomberok"]
[Date "2019.07.05"]
[Round "8.7"]
[White "Palin, Denis"]
[Black "Kovacevic, Krsto"]
[Result "1/2-1/2"]
[ECO "A46"]
[WhiteElo "2180"]
[BlackElo "2049"]
[Annotator "NA"]
[PlyCount "37"]
[EventDate "2019.06.28"]
[EventType "swiss"]
[EventCountry "SVK"]
[SourceTitle "playchess.com"]
[Source "ChessBase"]
[SourceQuality "1"]
[TimeControl "5400+30"]

1. d4 Nf6 2. Nf3 e6 3. e3 b6 4. Bd3 Bb7 5. Nbd2 d5 6. O-O Bd6 7. b3 O-O 8. Bb2 c5 9. Ne5 Nc6 10. a3 Rc8 11. f4 Ne7 12. Qf3 Rc7 13. Qh3 Ne4 14. Nec4 dxc4 15. Bxe4 Bxe4 16. Nxe4 cxd4 17. Bxd4 Nf5 18. Rad1 Rd7 19. Qg4 1/2-1/2

[Event "19th IPCA WCC 2019"]
[Site "Ruzomberok"]
[Date "2019.07.05"]
[Round "8.8"]
[White "Zavarsky, Juraj"]
[Black "Tersinsev, Andrey"]
[Result "0-1"]
[ECO "B30"]
[WhiteElo "2000"]
[BlackElo "2164"]
[Annotator "NA"]
[PlyCount "64"]
[EventDate "2019.06.28"]
[EventType "swiss"]
[EventCountry "SVK"]
[SourceTitle "playchess.com"]
[Source "ChessBase"]
[SourceQuality "1"]
[TimeControl "5400+30"]

1. e4 c5 2. Nf3 Nc6 3. Bb5 e6 4. O-O Nge7 5. d4 cxd4 6. Nxd4 Qb6 7. Nxc6 bxc6 8. Bd3 Ng6 9. Nd2 d5 10. exd5 cxd5 11. Qe2 Nf4 12. Bb5+ Kd8 13. Qe3 Qxb5 14. Qxf4 Qd7 15. Nf3 f6 16. Rd1 Bd6 17. Qg4 Bb7 18. c4 Rc8 19. cxd5 Bxd5 20. Bf4 Rc4 21. Nd4 h5 22. Qg3 h4 23. Qg4 e5 24. Qxd7+ Kxd7 25. Nb5 Ke6 26. Be3 Bb8 27. b3 Rg4 28. g3 hxg3 29. fxg3 a6 30. Nc3 Bf3 31. Rd2 e4 32. Bf2 Rxh2 0-1

[Event "19th IPCA WCC 2019"]
[Site "Ruzomberok"]
[Date "2019.07.05"]
[Round "8.9"]
[White "Glazar, Domagoj"]
[Black "Jurkiewicz, Krzysztof"]
[Result "0-1"]
[ECO "A01"]
[WhiteElo "2153"]
[BlackElo "2275"]
[Annotator "NA"]
[PlyCount "88"]
[EventDate "2019.06.28"]
[EventType "swiss"]
[EventCountry "SVK"]
[SourceTitle "playchess.com"]
[Source "ChessBase"]
[SourceQuality "1"]
[TimeControl "5400+30"]

1. b3 d6 2. Bb2 e5 3. d4 exd4 4. Qxd4 Nc6 5. Qd2 Nf6 6. Nc3 Be7 7. e4 O-O 8. O-O-O a5 9. f3 Be6 10. Kb1 Nd7 11. Nge2 Nc5 12. Nd5 Bxd5 13. exd5 Ne5 14. Ng3 a4 15. b4 Ncd7 16. a3 Ng6 17. f4 Bf6 18. c3 Re8 19. Nh5 Qe7 20. Bb5 Qe4+ 21. Ka1 Re7 22. Nxf6+ Nxf6 23. Rhe1 Qxd5 24. Bd3 Rxe1 25. Qxe1 Qxg2 26. Rd2 Qf3 27. f5 Re8 28. Be2 Qxf5 29. Qg1 Nf4 30. Bd1 b5 31. c4 bxc4 32. Bxa4 Re2 33. Bc2 Qe6 34. Qd4 Re1+ 35. Bb1 Nd3 36. Bc3 Rh1 37. Qh4 Rg1 38. a4 d5 39. Bd4 Rg4 40. Bxf6 Rxh4 41. Bxh4 Qe5+ 42. Ka2 Nc1+ 43. Ka3 Qa1+ 44. Ba2 Qc3+ 0-1

[Event "19th IPCA WCC 2019"]
[Site "Ruzomberok"]
[Date "2019.07.05"]
[Round "8.10"]
[White "Tsapalin, Sergey"]
[Black "Juvan, Jaka"]
[Result "0-1"]
[ECO "A18"]
[WhiteElo "1935"]
[BlackElo "2168"]
[Annotator "NA"]
[PlyCount "62"]
[EventDate "2019.06.28"]
[EventType "swiss"]
[EventCountry "SVK"]
[SourceTitle "playchess.com"]
[Source "ChessBase"]
[SourceQuality "1"]
[TimeControl "5400+30"]

1. c4 Nf6 2. Nc3 e6 3. e4 d5 4. e5 d4 5. exf6 dxc3 6. bxc3 Qxf6 7. d4 Be7 8. Nf3 h6 9. Bd3 c5 10. O-O Nc6 11. Bb2 O-O 12. Qe2 Bd6 13. Rad1 Ne7 14. Nd2 Nc6 15. Ne4 Qe7 16. Nxd6 Qxd6 17. Qe4 f5 18. Qe3 e5 19. dxc5 Qf6 20. f4 Be6 21. fxe5 Nxe5 22. Rfe1 Nxc4 23. Bxc4 Bxc4 24. Rd6 Qf7 25. Qd4 Rae8 26. Rxe8 Rxe8 27. h3 Re4 28. Rd8+ Kh7 29. Qd6 Re2 30. Rd7 Qe8 31. Qd4 Qg6 0-1

[Event "19th IPCA WCC 2019"]
[Site "Ruzomberok"]
[Date "2019.07.05"]
[Round "8.11"]
[White "Belak, Stefan"]
[Black "Wielecki, Zygmunt"]
[Result "1/2-1/2"]
[ECO "A11"]
[WhiteElo "1851"]
[BlackElo "2145"]
[Annotator "NA"]
[PlyCount "31"]
[EventDate "2019.06.28"]
[EventType "swiss"]
[EventCountry "SVK"]
[SourceTitle "playchess.com"]
[Source "ChessBase"]
[SourceQuality "1"]
[TimeControl "5400+30"]

1. c4 c6 2. d4 b5 3. e3 a6 4. Nf3 Nf6 5. Qb3 e6 6. Nc3 Be7 7. Bd3 bxc4 8. Bxc4 d5 9. Be2 Nbd7 10. Qc2 c5 11. O-O Bd6 12. h3 O-O 13. e4 cxd4 14. Nxd4 Bb7 15. exd5 Nxd5 16. Nxd5 1/2-1/2

[Event "19th IPCA WCC 2019"]
[Site "Ruzomberok"]
[Date "2019.07.05"]
[Round "8.12"]
[White "Gerasimova, Svetlana"]
[Black "Matana, Zoran"]
[Result "1-0"]
[ECO "B54"]
[WhiteElo "1913"]
[BlackElo "1818"]
[Annotator "NA"]
[PlyCount "87"]
[EventDate "2019.06.28"]
[EventType "swiss"]
[EventCountry "SVK"]
[SourceTitle "playchess.com"]
[Source "ChessBase"]
[SourceQuality "1"]
[TimeControl "5400+30"]

1. e4 c5 2. Nf3 d6 3. d4 cxd4 4. Nxd4 a6 5. Nc3 g6 6. Be3 Nf6 7. f3 b5 8. Qd2 h5 9. O-O-O Nbd7 10. Kb1 Bb7 11. Nb3 Bg7 12. a3 Rc8 13. Be2 Qc7 14. Rhe1 O-O 15. Bh6 Ne5 16. Bxg7 Kxg7 17. f4 Nc4 18. Bxc4 bxc4 19. Nd4 e5 20. fxe5 dxe5 21. Nf5+ Kg8 22. Qh6 Ne8 23. Qg5 Rb8 24. Ne7+ Kh7 25. g4 Ng7 26. Ncd5 Bxd5 27. Nxd5 f6 28. Nxf6+ Rxf6 29. Qxf6 Rb6 30. Rd7 Rxb2+ 31. Kxb2 Qxd7 32. Qxe5 Qxg4 33. Rf1 Qd7 34. Qd5 c3+ 35. Kxc3 Qc7+ 36. Qc4 Qa5+ 37. Kb3 Qb6+ 38. Ka2 Kh6 39. Rf8 Qd6 40. Rh8+ Kg5 41. Qd5+ Qxd5+ 42. exd5 Nf5 43. Re8 a5 44. Kb3 1-0

[Event "19th IPCA WCC 2019"]
[Site "Ruzomberok"]
[Date "2019.07.05"]
[Round "8.13"]
[White "Samarth J Rao"]
[Black "Sovetov, Oleksandr"]
[Result "0-1"]
[ECO "D00"]
[WhiteElo "1593"]
[BlackElo "2009"]
[Annotator "NA"]
[PlyCount "60"]
[EventDate "2019.06.28"]
[EventType "swiss"]
[EventCountry "SVK"]
[SourceTitle "playchess.com"]
[Source "ChessBase"]
[SourceQuality "1"]
[TimeControl "5400+30"]

1. d4 d5 2. Bf4 e6 3. e3 c5 4. c3 Nc6 5. Bd3 Bd6 6. Bg3 Nf6 7. Nf3 O-O 8. Nbd2 b6 9. Ne5 Qc7 10. f4 Ne7 11. Bh4 Nd7 12. Bxe7 Bxe7 13. O-O f5 14. Kh1 Nxe5 15. dxe5 Bb7 16. g4 c4 17. Bc2 d4+ 18. Kg1 d3 19. Bb1 b5 20. a4 a6 21. gxf5 Rxf5 22. b3 Bc5 23. Qe1 Qb6 24. Nf3 Bxe3+ 25. Kg2 Rxf4 26. Kg3 Raf8 27. Nd4 Rxf1 28. Qxe3 R1f3+ 29. Qxf3 Bxf3 30. Nxf3 Qe3 0-1

[Event "19th IPCA WCC 2019"]
[Site "Ruzomberok"]
[Date "2019.07.05"]
[Round "8.14"]
[White "Kozicz, Andrzej"]
[Black "Pamarthi Audietya Aazadh"]
[Result "1-0"]
[ECO "B06"]
[WhiteElo "1979"]
[BlackElo "1346"]
[Annotator "NA"]
[PlyCount "153"]
[EventDate "2019.06.28"]
[EventType "swiss"]
[EventCountry "SVK"]
[SourceTitle "playchess.com"]
[Source "ChessBase"]
[SourceQuality "1"]
[TimeControl "5400+30"]

1. e4 g6 2. d4 Bg7 3. c3 d6 4. Bd3 Nd7 5. Ne2 e5 6. Nd2 Ngf6 7. Nf3 b6 8. Ng3 O-O 9. O-O Re8 10. Re1 Bb7 11. Bg5 h6 12. Bd2 Rc8 13. Rc1 d5 14. exd5 exd4 15. c4 c5 16. Qc2 Qc7 17. Rcd1 Ng4 18. h3 Nge5 19. Nxe5 Nxe5 20. Ne4 f5 21. Ng3 Qd6 22. b3 Re7 23. Bxf5 Rf8 24. Ne4 Qd8 25. Be6+ Kh7 26. f4 Nd7 27. f5 gxf5 28. Nd6 Nf6 29. Nxf5 Rxe6 30. Rxe6 Kh8 31. Nxg7 Kxg7 32. Rde1 Bc8 33. Re7+ Rf7 34. Bxh6+ Kxh6 35. Rxf7 Bxh3 36. Ree7 Qg8 37. Rxf6+ Kg5 38. Qg6+ Qxg6 39. Rxg6+ Kxg6 40. gxh3 Kf6 41. Re6+ Kf5 42. Kf2 a5 43. a4 Kg5 44. h4+ Kxh4 45. Rg6 Kh5 46. Rg8 Kh6 47. d6 Kh7 48. d7 Kxg8 49. Kf3 Kf7 50. d8=Q Ke6 51. Ke4 Kf7 52. Kd5 Kg6 53. Kc6 Kf5 54. Kxb6 Ke4 55. Kxc5 d3 56. Qxa5 Ke3 57. Qe1+ Kf3 58. b4 Kf4 59. b5 Kf3 60. a5 Kf4 61. a6 Kf3 62. b6 Kf4 63. a7 Kf3 64. a8=B+ Kf4 65. b7 Kf3 66. b8=B+ Kg4 67. Kd4 d2 68. Qe2+ Kf5 69. c5 Kg5 70. c6 Kf5 71. c7 Kf6 72. Kd5 Kf7 73. Kd6 Kf6 74. Qe6+ Kg5 75. Bf3 Kf4 76. Qe4+ Kg3 77. c8=R 1-0

[Event "19th IPCA WCC 2019"]
[Site "Ruzomberok"]
[Date "2019.07.05"]
[Round "8.15"]
[White "Angappan A"]
[Black "Jennitha, Anto K."]
[Result "0-1"]
[ECO "B92"]
[WhiteElo "1267"]
[BlackElo "1972"]
[Annotator "NA"]
[PlyCount "114"]
[EventDate "2019.06.28"]
[EventType "swiss"]
[EventCountry "SVK"]
[SourceTitle "playchess.com"]
[Source "ChessBase"]
[SourceQuality "1"]
[TimeControl "5400+30"]

1. e4 c5 2. Nf3 d6 3. d4 cxd4 4. Nxd4 Nf6 5. Nc3 a6 6. Be2 e5 7. Nb3 Be7 8. Be3 Be6 9. O-O O-O 10. f4 Qc7 11. Kh1 Nbd7 12. Qe1 b5 13. a3 Bc4 14. Bxc4 Qxc4 15. Nd2 Qc6 16. Qg3 Rfe8 17. Rae1 a5 18. Rc1 b4 19. axb4 axb4 20. Nd5 Nxd5 21. exd5 Qxd5 22. Nf3 Ra2 23. b3 Bf6 24. fxe5 dxe5 25. Qg4 e4 26. Ng5 Bxg5 27. Bxg5 Ne5 28. Qf5 g6 29. Qf6 Re6 30. Qf4 f5 31. h3 Qc5 32. Qd2 Rd6 33. Qe2 Rc6 34. Rf2 Nd3 35. Rff1 Nxc1 36. Rxc1 Rxc2 37. Rxc2 Qxc2 38. Qb5 Qd1+ 39. Kh2 Qd6+ 40. Kh1 Ra6 41. Qc4+ Qe6 42. Qd4 Qd6 43. Qc4+ Kg7 44. Qc1 Rc6 45. Qe3 Qc5 46. Qd2 Rd6 47. Qb2+ Qc3 48. Qf2 Qa1+ 49. Kh2 Rd1 50. Be3 Rh1+ 51. Kg3 Qe1 52. Qxe1 Rxe1 53. Bd2 Rb1 54. Kf4 Rxb3 55. h4 Rb2 56. Be1 Rxg2 57. Bxb4 Rg4+ 0-1

[Event "19th IPCA WCC 2019"]
[Site "Ruzomberok"]
[Date "2019.07.05"]
[Round "8.16"]
[White "Roehrig, Uwe"]
[Black "Zicho, Anton"]
[Result "0-1"]
[ECO "A13"]
[WhiteElo "1802"]
[BlackElo "1662"]
[Annotator "NA"]
[PlyCount "60"]
[EventDate "2019.06.28"]
[EventType "swiss"]
[EventCountry "SVK"]
[SourceTitle "playchess.com"]
[Source "ChessBase"]
[SourceQuality "1"]
[TimeControl "5400+30"]

1. c4 e6 2. g3 d5 3. Bg2 Nf6 4. Nf3 Bc5 5. O-O O-O 6. b3 c6 7. d3 e5 8. Bb2 e4 9. Nd4 Re8 10. h3 dxc4 11. dxc4 Qe7 12. e3 Qe5 13. Qc2 Qh5 14. h4 Bg4 15. Nc3 Bxd4 16. exd4 Bf5 17. Qd1 Bg4 18. f3 exf3 19. Bxf3 Bxf3 20. Rxf3 Nbd7 21. Qf1 Re7 22. Kg2 Rae8 23. Rf5 Qg4 24. Bc1 Qxd4 25. Bb2 Qd2+ 26. Rf2 Qd4 27. Nd5 Qe4+ 28. Kh2 cxd5 29. Rf4 Qe2+ 30. Kh3 Qxb2 0-1

[Event "19th IPCA WCC 2019"]
[Site "Ruzomberok"]
[Date "2019.07.05"]
[Round "8.17"]
[White "Sovietova, Kateryna"]
[Black "Kaydanovich, Marina"]
[Result "0-1"]
[ECO "D00"]
[WhiteElo "1279"]
[BlackElo "1760"]
[Annotator "NA"]
[PlyCount "99"]
[EventDate "2019.06.28"]
[EventType "swiss"]
[EventCountry "SVK"]
[SourceTitle "playchess.com"]
[Source "ChessBase"]
[SourceQuality "1"]
[TimeControl "5400+30"]

1. d4 d5 2. Bf4 Nf6 3. e3 e6 4. Nf3 Nh5 5. Bd3 Nxf4 6. exf4 c5 7. c3 c4 8. Be2 Bd6 9. g3 b5 10. O-O O-O 11. Ne5 f6 12. Ng4 Nc6 13. Nd2 Bd7 14. Re1 b4 15. Rb1 Qa5 16. Qc1 Rab8 17. Qc2 Rb7 18. Ne3 Rfb8 19. Bg4 f5 20. Bh3 bxc3 21. bxc3 Ne7 22. Rxb7 Rxb7 23. Rb1 Rxb1+ 24. Nxb1 Qa4 25. Qe2 Qb5 26. Qc2 Nc8 27. Bf1 Nb6 28. Kg2 Na4 29. Nd1 Qb8 30. Nd2 Qb6 31. Nf3 Ba3 32. Nd2 Nb2 33. Nb1 Nxd1 34. Qxd1 Bd6 35. Nd2 Qb2 36. Nf3 Qxa2 37. Qe1 h6 38. Ne5 Be8 39. Be2 a5 40. g4 Bxe5 41. fxe5 Bg6 42. gxf5 Bxf5 43. Kg3 a4 44. Qd1 Qb3 45. Qxb3 cxb3 46. Bb5 b2 47. Bxa4 b1=Q 48. Kg2 Qe4+ 49. Kf1 Bh3+ 50. Kg1 0-1

[Event "19th IPCA WCC 2019"]
[Site "Ruzomberok"]
[Date "2019.07.05"]
[Round "8.18"]
[White "Pilimon, Zbigniew"]
[Black "Spirka, Jan"]
[Result "1-0"]
[ECO "D20"]
[WhiteElo "1670"]
[BlackElo "1366"]
[Annotator "NA"]
[PlyCount "97"]
[EventDate "2019.06.28"]
[EventType "swiss"]
[EventCountry "SVK"]
[SourceTitle "playchess.com"]
[Source "ChessBase"]
[SourceQuality "1"]
[TimeControl "5400+30"]

1. d4 d5 2. c4 dxc4 3. Qa4+ c6 4. Qxc4 Be6 5. Qd3 Nf6 6. e4 Nbd7 7. Nf3 g6 8. Nc3 Nb6 9. Qd1 Ng4 10. h3 Nf6 11. Bf4 Bc4 12. Bxc4 Nxc4 13. O-O Bg7 14. Qe2 Nb6 15. Rfd1 Nh5 16. Bh2 e6 17. Rd3 O-O 18. Rad1 Nf6 19. Bf4 Nh5 20. Bc1 Qc7 21. g3 Rae8 22. Qc2 f5 23. e5 Qe7 24. Bg5 Qc7 25. Nb5 Qb8 26. Nd6 f4 27. g4 Nf6 28. exf6 Bxf6 29. Nxe8 Qxe8 30. Bxf6 Rxf6 31. Re1 Nd5 32. a3 h6 33. h4 Ne7 34. Rb3 b6 35. Qe4 Kg7 36. Qe5 Qf7 37. g5 hxg5 38. hxg5 Nd5 39. gxf6+ Nxf6 40. Ng5 Qe7 41. Rh3 Kg8 42. Nxe6 Nh5 43. Qb8+ Kf7 44. Nd8+ Kf6 45. Rxe7 Kxe7 46. Nxc6+ Kf6 47. Qe5+ Kf7 48. Qe7+ Kg8 49. Nd8 1-0

[Event "19th IPCA WCC 2019"]
[Site "Ruzomberok"]
[Date "2019.07.05"]
[Round "8.21"]
[White "Frumin, Rebeka"]
[Black "Wollner, Bohus"]
[Result "1-0"]
[ECO "C47"]
[WhiteElo "1398"]
[BlackElo "1222"]
[Annotator "NA"]
[PlyCount "29"]
[EventDate "2019.06.28"]
[EventType "swiss"]
[EventCountry "SVK"]
[SourceTitle "playchess.com"]
[Source "ChessBase"]
[SourceQuality "1"]
[TimeControl "5400+30"]

1. e4 e5 2. Nf3 Nf6 3. Nc3 Nc6 4. Bc4 Na5 5. Nxe5 Nxc4 6. Nxc4 d6 7. h3 Be6 8. Qe2 Bxc4 9. Qxc4 a6 10. O-O Be7 11. Nd5 Nxd5 12. Qxd5 c6 13. Qf5 Qd7 14. Re1 O-O 15. Qxd7 1-0

[Event "19th IPCA WCC 2019"]
[Site "Ruzomberok"]
[Date "2019.07.05"]
[Round "8.22"]
[White "Kostova, Erika"]
[Black "Engel, Katalin"]
[Result "0-1"]
[ECO "D04"]
[WhiteElo "1210"]
[BlackElo "1537"]
[Annotator "NA"]
[PlyCount "64"]
[EventDate "2019.06.28"]
[EventType "swiss"]
[EventCountry "SVK"]
[SourceTitle "playchess.com"]
[Source "ChessBase"]
[SourceQuality "1"]
[TimeControl "5400+30"]

1. d4 d5 2. e3 Nf6 3. Nf3 Bg4 4. Nc3 e6 5. Be2 Bd6 6. O-O Nbd7 7. Bd2 a6 8. Nh4 Bxe2 9. Nxe2 Bxh2+ 10. Kh1 Ng4 11. g3 Ndf6 12. Nf3 Bxg3 13. Nxg3 Ne4 14. Kg2 f5 15. Be1 h5 16. Rh1 h4 17. Ne2 g5 18. Rh3 Nh6 19. Rh2 Qf6 20. Ne5 g4 21. Nf4 O-O-O 22. Nfg6 h3+ 23. Kh1 Rhg8 24. f3 Ng5 25. fxg4 Rxg6 26. Nxg6 Qxg6 27. gxf5 Qxf5 28. Rf2 Qe4+ 29. Kg1 Ng4 30. Qe2 Nxf2 31. Qxf2 Rg8 32. Kf1 Nf3 0-1

[Event "19th IPCA WCC 2019"]
[Site "Ruzomberok"]
[Date "2019.07.06"]
[Round "9.1"]
[White "Yarmonov, Igor"]
[Black "Mukha, Nikolay"]
[Result "1/2-1/2"]
[ECO "A63"]
[WhiteElo "2389"]
[BlackElo "2159"]
[Annotator "NA RC"]
[PlyCount "20"]
[EventDate "2019.06.28"]
[EventType "swiss"]
[EventCountry "SVK"]
[SourceTitle "playchess.com"]
[Source "ChessBase"]
[SourceQuality "1"]
[TimeControl "5400+30"]

1. d4 Nf6 2. c4 c5 3. d5 e6 4. Nc3 exd5 5. cxd5 d6 6. g3 g6 7. Bg2 Bg7 8. Nf3 O-O 9. O-O Nbd7 10. Nd2 a6 1/2-1/2

[Event "19th IPCA WCC 2019"]
[Site "Ruzomberok"]
[Date "2019.07.06"]
[Round "9.2"]
[White "Gurbanov, Andrei"]
[Black "Tebenkov, Vladislav"]
[Result "1-0"]
[ECO "E11"]
[WhiteElo "2300"]
[BlackElo "2096"]
[Annotator "NA"]
[PlyCount "99"]
[EventDate "2019.06.28"]
[EventType "swiss"]
[EventCountry "SVK"]
[SourceTitle "playchess.com"]
[Source "ChessBase"]
[SourceQuality "1"]
[TimeControl "5400+30"]

1. d4 Nf6 2. c4 e6 3. Nf3 Bb4+ 4. Nbd2 d5 5. Qa4+ Nc6 6. a3 Be7 7. e3 O-O 8. Bd3 Nb8 9. b4 b6 10. c5 Bb7 11. Bb2 a5 12. Qb3 axb4 13. axb4 Rxa1+ 14. Bxa1 c6 15. Qa4 Nbd7 16. Bc3 Qa8 17. Qxa8 Rxa8 18. Ke2 b5 19. h3 Ra3 20. Rc1 g6 21. Kd1 Kg7 22. Kc2 Bd8 23. Kb2 Ra8 24. g4 Ng8 25. e4 Ne7 26. e5 Bc7 27. Nb3 Rf8 28. Ra1 Bb8 29. Re1 Bc7 30. Nfd2 Bc8 31. Re2 Bb8 32. Nf1 f5 33. exf6+ Nxf6 34. Bd2 Ne8 35. Bg5 Ng8 36. Nbd2 h6 37. Bh4 g5 38. Bg3 Bxg3 39. Nxg3 Nef6 40. Re3 Ne7 41. Nf3 Ne8 42. Kc3 Kg8 43. Bc2 Ng7 44. Ne2 Bd7 45. Ne5 Be8 46. f3 Rf6 47. Kd2 h5 48. Ra3 hxg4 49. hxg4 Bg6 50. Bxg6 1-0

[Event "19th IPCA WCC 2019"]
[Site "Ruzomberok"]
[Date "2019.07.06"]
[Round "9.3"]
[White "Valenta, Vit"]
[Black "Shashikant, Kutwal"]
[Result "1/2-1/2"]
[ECO "A00"]
[WhiteElo "2147"]
[BlackElo "2176"]
[Annotator "NA"]
[PlyCount "75"]
[EventDate "2019.06.28"]
[EventType "swiss"]
[EventCountry "SVK"]
[SourceTitle "playchess.com"]
[Source "ChessBase"]
[SourceQuality "1"]
[TimeControl "5400+30"]

1. b4 Nf6 2. Bb2 g6 3. g3 Bg7 4. Bg2 O-O 5. Nf3 d6 6. O-O e5 7. d3 a5 8. b5 Nbd7 9. c4 e4 10. dxe4 Nxe4 11. Bxg7 Kxg7 12. Qd4+ Qf6 13. Qxf6+ Kxf6 14. Nfd2 Nec5 15. Nc3 Nb6 16. Nce4+ Ke7 17. Nxc5 dxc5 18. Ne4 Na4 19. Rac1 Rd8 20. Nc3 Nxc3 21. Rxc3 Rd2 22. Re3+ Be6 23. a3 Rb8 24. Rc1 Kd6 25. f4 c6 26. bxc6 bxc6 27. Be4 Rbb2 28. Kf2 Ra2 29. Rcc3 f5 30. Bb1 Ra1 31. Red3+ Rxd3 32. Bxd3 h6 33. h4 h5 34. e4 fxe4 35. Bxe4 Bf5 36. Bxf5 gxf5 37. Ke2 Ra2+ 38. Kd1 {[%emt 0:00:26] Ke5} 1/2-1/2

[Event "19th IPCA WCC 2019"]
[Site "Ruzomberok"]
[Date "2019.07.06"]
[Round "9.4"]
[White "Tersinsev, Andrey"]
[Black "Nowak, Lukasz"]
[Result "0-1"]
[ECO "E43"]
[WhiteElo "2164"]
[BlackElo "2267"]
[Annotator "NA"]
[PlyCount "92"]
[EventDate "2019.06.28"]
[EventType "swiss"]
[EventCountry "SVK"]
[SourceTitle "playchess.com"]
[Source "ChessBase"]
[SourceQuality "1"]
[TimeControl "5400+30"]

1. d4 Nf6 2. c4 e6 3. Nc3 Bb4 4. e3 b6 5. Bd3 Bb7 6. Nf3 Ne4 7. Qc2 f5 8. a3 Bxc3+ 9. bxc3 O-O 10. O-O d6 11. Nd2 Nxd2 12. Bxd2 Nc6 13. f4 Na5 14. e4 fxe4 15. Bxe4 Bxe4 16. Qxe4 Qd7 17. Qe2 Rae8 18. Be3 Qc6 19. c5 bxc5 20. dxc5 Nb3 21. Rad1 Nxc5 22. Rf3 a5 23. Rh3 Nd7 24. Qh5 Nf6 25. Qxa5 Nd5 26. c4 Nxe3 27. Rxe3 Rxf4 28. c5 Rf5 29. Rc3 Ref8 30. h4 d5 31. Rg3 e5 32. a4 Qf6 33. Qxc7 e4 34. Qd7 Rh5 35. Rxd5 Qf1+ 36. Kh2 Rxh4+ 37. Rh3 Qf4+ 38. Kh1 Qf1+ 39. Kh2 Qf4+ 40. Kh1 e3 41. Qe6+ Kh8 42. Rxh4 Qxh4+ 43. Qh3 Qxh3+ 44. gxh3 e2 45. Re5 Rf1+ 46. Kg2 e1=Q 0-1

[Event "19th IPCA WCC 2019"]
[Site "Ruzomberok"]
[Date "2019.07.06"]
[Round "9.5"]
[White "Babula, Milan"]
[Black "Palin, Denis"]
[Result "1/2-1/2"]
[ECO "C10"]
[WhiteElo "2220"]
[BlackElo "2180"]
[Annotator "NA"]
[PlyCount "85"]
[EventDate "2019.06.28"]
[EventType "swiss"]
[EventCountry "SVK"]
[SourceTitle "playchess.com"]
[Source "ChessBase"]
[SourceQuality "1"]
[TimeControl "5400+30"]

1. e4 e6 2. d4 d5 3. Nc3 dxe4 4. Nxe4 Nd7 5. Nf3 Ngf6 6. Nxf6+ Nxf6 7. Bd3 c5 8. O-O Qc7 9. Qe2 Be7 10. dxc5 Qxc5 11. a3 Qc7 12. Bg5 O-O 13. Rad1 Bd7 14. Ne5 Bc6 15. Nxc6 Qxc6 16. Be4 Nxe4 17. Bxe7 Rfe8 18. Bh4 f6 19. Rd4 Nd6 20. Rd3 Nf5 21. Bg3 e5 22. c3 e4 23. Rdd1 e3 24. Bf4 Re4 25. fxe3 Qe6 26. Rf3 g5 27. Bg3 Re8 28. Qd3 g4 29. Rf4 Nxg3 30. hxg3 Rxe3 31. Qd4 f5 32. Rdf1 Re1 33. Rxe1 Qxe1+ 34. Rf1 Qxg3 35. Qd5+ Kh8 36. Qxf5 Qe3+ 37. Qf2 g3 38. Qxe3 Rxe3 39. Rd1 Re2 40. b4 Rc2 41. Kf1 Rf2+ 42. Kg1 Ra2 43. Kf1 1/2-1/2

[Event "19th IPCA WCC 2019"]
[Site "Ruzomberok"]
[Date "2019.07.06"]
[Round "9.6"]
[White "Lipilin, Ilia"]
[Black "Jurkiewicz, Krzysztof"]
[Result "1-0"]
[ECO "E73"]
[WhiteElo "2084"]
[BlackElo "2007"]
[Annotator "NA"]
[PlyCount "125"]
[EventDate "2019.06.28"]
[EventType "swiss"]
[EventCountry "SVK"]
[SourceTitle "playchess.com"]
[Source "ChessBase"]
[SourceQuality "1"]
[TimeControl "5400+30"]

1. d4 Nf6 2. c4 g6 3. Nc3 Bg7 4. e4 d6 5. Be2 O-O 6. Bg5 c5 7. d5 h6 8. Bf4 b5 9. cxb5 a6 10. a4 axb5 11. Bxb5 Ba6 12. Nf3 Nbd7 13. O-O Qb6 14. Nd2 Ra7 15. Nc4 Qc7 16. Qe2 Rfa8 17. Bc6 Nh5 18. Bd2 Ne5 19. Bb5 Nxc4 20. Qxc4 Nf6 21. Bxa6 Rxa6 22. Nb5 Qb8 23. Bc3 Nd7 24. Bxg7 Kxg7 25. b3 Kg8 26. Rab1 Qd8 27. Qc1 Kg7 28. Qc3+ Kh7 29. Rbe1 Rc8 30. Na3 Rb6 31. f4 Rb4 32. Nc2 Rb7 33. Na3 Qb6 34. Nb5 c4+ 35. Kh1 Qc5 36. b4 Qb6 37. Rb1 Nf6 38. Rfe1 Ra8 39. Ra1 Ng4 40. h3 Nf2+ 41. Kh2 Nd3 42. Rf1 Rxa4 43. Rxa4 Qxb5 44. Ra8 f6 45. Rc8 Qxb4 46. Qxc4 Qd2 47. Qc2 Qxc2 48. Rxc2 Rb4 49. e5 Nxf4 50. exd6 exd6 51. Rc7+ Kg8 52. Ra1 Rb8 53. Raa7 g5 54. Rg7+ Kh8 55. Rgd7 Nxd5 56. Rxd6 Nf4 57. Rxf6 h5 58. h4 Re8 59. hxg5 Ne6 60. Rh6+ Kg8 61. g6 Rc8 62. g7 Rc7 63. Ra8+ 1-0